cohdb
Replays
Latest Replays
All Replays
Popular Replays
Top Player Replays
Match Explorer
How It Works
Community
CoH3 Stats
Reddit
Sign in to upload your games and track your stats! →
Sign in with Steam
Match 40607009
Unlisted
Match 40607009
Overview
Messages
Build Orders
End
Construct Infanterie Kompanie
Kettenkrad Recon Vehicle
Selects Mechanized Battlegroup
Grenadier Squad
MG 42 Machine Gun Team
Grenadier Squad
Sniper
Infanterie Officer Quarters
Construct Panzergrenadier Kompanie
MG 42 Machine Gun Team
251 Medium Carrier
Pak 40 Anti-tank Gun Team
Selects Raid Package
Selects StuG Assault Group
StuG Assault Group
Pak 40 Anti-tank Gun Team
Medical Bunker
Selects UNKNOWN (2160084)
Selects Spotting Scopes
Selects Mobile Repair Stations
Repair Bunker
Construct Panzer Kompanie
Stoßtruppen Squad
Selects Wespe Self-propelled Artillery
Wespe Self-propelled Artillery
Selects UNKNOWN (2160084)
Panther Heavy Tank
KevinTDW
Chank Bulkhead
Steiner BG
Novacaine
0
0
Comments
sign in to comment!
No comments posted yet!